Workbook
Name area: #REF!
Name cargo: #REF!
Name cargocontacto: #REF!
Name cargoresponsabledelaobra: #REF!
Name cargovendedor: #REF!
Name ciudad: #REF!
Name ciudadcliente: #REF!
Name ciudaddelaobra: #REF!
Name cmic: #REF!
Name codigodelaobra: #REF!
Name codigopostalcliente: #REF!
Name codigopostaldelaobra: #REF!
Name codigovendedor: #REF!
Name colonia: #REF!
Name coloniacliente: #REF!
Name coloniadelaobra: #REF!
Name contactocliente: #REF!
Name decimalesredondeo: #REF!
Name departamento: #REF!
Name direccioncliente: #REF!
Name direcciondeconcurso: #REF!
Name direcciondelaobra: #REF!
Name domicilio: #REF!
Name email: #REF!
Name emailcliente: #REF!
Name emaildelaobra: #REF!
Name estado: #REF!
Name estadodelaobra: #REF!
Name fechaconvocatoria: #REF!
Name fechadeconcurso: #REF!
Name fechainicio: #REF!
Name fechaterminacion: #REF!
Name imss: #REF!
Name infonavit: #REF!
Name mailcontacto: #REF!
Name mailvendedor: #REF!
Name nombrecliente: #REF!
Name nombredelaobra: #REF!
Name nombrevendedor: #REF!
Name numconvocatoria: #REF!
Name numerodeconcurso: #REF!
Name plazocalculado: #REF!
Name plazoreal: #REF!
Name porcentajeivapresupuesto: #REF!
Name primeramoneda: #REF!
Name razonsocial: #REF!
Name remateprimeramoneda: #REF!
Name rematesegundamoneda: #REF!
Name responsable: #REF!
Name responsabledelaobra: #REF!
Name rfc: #REF!
Name segundamoneda: #REF!
Name telefono: #REF!
Name telefonocliente: #REF!
Name telefonocontacto: #REF!
Name telefonodelaobra: #REF!
Name telefonovendedor: #REF!
Name tipodelicitacion: #REF!
Name totalpresupuestoprimeramoneda: #REF!
Name totalpresupuestosegundamoneda: #REF!

Sheet NEZA
A1: GOBIERNO DEL ESTADO DE ZACATECAS
A9: Licitación No. | B9: EO-932063953-SOP061-2023
A10: Obra: | B10: MODERNIZACIÓN Y AMPLIACIÓN DE LA VIALIDAD NEZAHUALCOYOTL CON UNA LONGITUD DE 1.66 KM. (0+000 - 1+664) MEDIANTE CONSTRUCCIÓN DE TERRACERÍAS, ESTRUCTURAS Y OBRAS DE DRENAJE, PAVIMENTOS, PUENTE PEATONAL Y SEÑALAMIENTO EN EL MUNICIPIO DE ZACATERCAS, ZAC. PARA MEJORAR LA MOVILIDAD DE LAS HABITANTES Y LOS HABITANTES
A11: Lugar: | B11: ZACATECAS, ZAC.
A13: PRESUPUESTO DE OBRA
A15: Código | B15: Concepto | C15: Unidad | D15: Cantidad | E15: P. Unitario | F15: P. Unitario con Letra | G15: Importe
B16: VIALIDAD NEZAHUALCOYOLT
B17: DEMOLICIONES
A18: 00000031U | B18: DEMOLICION DE CARPETA ASFALTICA CON EQUIPO MECANICO SIN RECUPERACION. INCLUYE: ACARREOS LOCALES, CARGA, ACARREO FUERA DE LA OBRA, MANO DE OBRA, HERRAMIENTA TODO LO NECESARIO PARA SU CORRECTA EJECUCIÓN. | C18: M3 | D18: 1120
A19: 00000026OV | B19: DEMOLICIÓN DE CONCRETO HIDRÁULICO. POR UNIDAD DE OBRA TERMINADA, (INCISO N.CTR.CAR.1.02.013/00) DE LAS NORMAS DE CONSTRUCCION DE CARRETERAS DE LA S.C.T. INCLUYE ACARREO DE MATERIAL FUERA DE LA OBRA. | C19: M3 | D19: 654
B20: TOTAL DEMOLICIONES
B21: PRELIMINARES
A22: 01000176V | B22: TRAZO Y NIVELACIÓN DE TERRENO ESTABLECIENDO REFERENCIAS PROVISIONALES Y/O DEFINITIVAS, CON EQUIPO TOPOGRÁFICO. INCLUYE: PERSONAL TÉCNICO, ESTACAS, MOJONERAS, LOCALIZACIÓN DE ENTRE EJES, BANCOS DE NIVEL, SEÑALAMIENTO, EQUIPO, HERRAMIENTA, MANO DE OBRA Y TODO LO NECESARIO PARA LA CORRECTA EJECUCIÓN DE LOS TRABAJOS. | C22: M2 | D22: 16800
A23: 00151610MP | B23: REUBICACION DE POSTE DE RED ELECTRICA Y/O ALUMBRADO. INCLUYE: MANO DE OBRA, EQUIPO, HERRAMIENTA Y TODO LO NECESARIO PARA SU EJECUCION. | C23: PZA | D23: 25
A24: 00151615MP | B24: REUBICACION DE POSTE DE TELEFONIA. INCLUYE: MANO DE OBRA, EQUIPO, HERRAMIENTA Y TODO LO NECESARIO PARA SU EJECUCION. | C24: PZA | D24: 30
A25: 00220010J | B25: REUBICACIÓN DE LETREROS Y SEÑALES EXISTENTES DE ACUERDO A PROYECTO. INCLUYE. MATERIAL, MANO DE OBRA, HERRAMIENTA Y TODO LO NECESARIO PARA SU EJECUCIÓN. | C25: PZA | D25: 8
A26: 16000205 | B26: ELABORACION DE BASE TRONCO PIRAMIDAL CUADRANGULAR DE CONCRETO F´c= 200 KG/CM2, DE BASE SUPERIOR DE 0.40 X 0.40 M. Y BASE INFERIOR DE 0.80 X 0.80 X 0.80 M. DE ALTURA. INCLUYE: ESTABILIZADOR DE VOLUMEN NO METALICO FESTERGROUT NM 800, ANCLAS DE 3/4" DE 0.70 M. DE LONGITUD CON CUERDA CORRIDA PARA ANCLAJE DE POSTES, MATERIALES, MANO DE OBRA, HERRAMIENTA Y TODO LO NECESARIO PARA SU EJECUCION. | C26: PZA | D26: 25
A27: 1801REVG10 | B27: RETIRO, RESGUARDO Y TRANSPLANTE VEGETACION EXISTENTE DE ESPECIE ÁRBOL, PODANDO 1/3 DEL FOLLAJE BAJO PARA COMPENSAR LAS RAICES QUE PERDERÁ, COLOCÁNDOLOS EN CONTENEDEROS PARA UBICARLOS EN EL AREA DE RESGUARDO INDICADA POR SUPERVISIÓN MANTENIÉNDOLAS HIDRATADAS, SE TRANSPLANTARAN EN TIERRA PREVIAMENTE HÚMEDA ANTES DE LA EXCAVACIÓN UTILIZANDO UNA ENRAIZADDORA QUIMICA,. LA CEPA SE RELLENARÁ CON 40% DE TIERRA LAMA DE LA REGION, 40% DE ARENA LAVADA DE RIO Y 20% DE HUMUS O COMPOSTA. INCLUYE: MANIOBRAS, MANO DE OBRA, MATERIALES, HERRAMIENTA Y TODO LO NECESARIO PARA SU EJECUCIÓN. | C27: PZA | D27: 31
B28: TOTAL PRELIMINARES
B29: TERRACERÍAS
A30: 21000017F | B30: EXCAVACION EN CORTES POR UNIDAD DE OBRA TERMINADA (INCISO N. CTR. CAR. 1.01.003/11 DE LAS NORMAS DE CONSTRUCCION DE SCT). | C30: M3 | D30: 7897
A31: 21000048 | B31: COMPACTACION DEL TERRENO NATURAL EN EL AREA DE DESPLANTE DE LOS TERRAPLENES PARA NOVENTA POR CIENTO (90%) | C31: M3 | D31: 1301
A32: 21000190 | B32: FORMACION DE TERRAPLEN COMPACTADO AL NOVENTA POR CIENTO (90%) POR UNIDAD DE OBRA TERMINADA.( INCISO N. CTR. CAR. 1.01.009/16) DE LA NORMATIVA DE SCT. UTILIZANDO MATERIAL PROCEDENTE DE BANCO. | C32: M3 | D32: 1115
A33: 21000189B | B33: FORMACION DE CAPA SUBRASANTE COMPACTADA AL CIEN POR CIENTO (100%) POR UNIDAD DE OBRA TERMINADA. NORMA N. CTR. CAR. 1.01.009/16 DE LA NORMATIVA DE SCT. UTILIZANDO MATERIAL PROCEDENTE DE BANCO. | C33: M3 | D33: 8591
A34: 24903005 | B34: EXCAVACION PARA ESTRUCTURAS POR UNIDAD DE OBRA TERMINADA (INCISO N.CTR.CAR.1.01.007/11) DE LAS NORMAS DE CONSTRUCCION DE CARRETERAS DE LA S.C.T. CUALESQUIERA QUE SEA SU CLASIFICACION Y PROFUNDIDAD. | C34: M3 | D34: 325
A35: 22000062S | B35: RELLENOS. POR UNIDAD DE OBRA TERMINADA (INICISO N-CTR-CAR-1-01-011/20) DE EXCAVACIONES PARA ESTRUCTURAS, OBRAS DE DRENAJE Y SUBDRENAJE, CUÑAS DE TERRAPLENES CONTIGUOS A ESTRUCTURAS, ASÍ COMO EN TRINCHERAS ESTABILIZADORAS. CON MATERIAL SELECCIONADO O NO DE ACUERDO A LO REQUERIDO DE PIEDRA DE LA REGIÓN. | C35: M3 | D35: 315
B36: TOTAL TERRACERÍAS
B37: ESTRUCTURAS Y OBRAS DE DRENAJE
A38: 22000216T | B38: CONCRETO HIDRAULICO SIMPLE DE F´C= 100 KG/CM2. POR UNIDAD DE OBRA TERMINADA (INCISO N.CTR.CAR.1.02.003/00) DE LAS NORMAS DE CONSTRUCCION DE CARRETERAS DE LA S.C.T. EN PLANTILLAS. | C38: M3 | D38: 6
A39: 24903022 | B39: CONCRETO HIDRAULICO PREMEZCLADO F'c=250 Kg/cm2 R.N. POR UNIDAD DE OBRA TERMINADA (INCISO N.CTR.CAR.1.02.003/00) DE LAS NORMAS DE CONSTRUCCION DE CARRETERAS DE LA S.C.T., TAMAÑO MAXIMO DE 3/4", REVENIMIENTO DE 10cms. EN MUROS, MUROS DE ESTRIBOS, ALEROS, CORONAS, PANTALLAS Y BANCOS. ACABADO APARENTE DE ACUERDO A PROYECTO. | C39: M3 | D39: 46
A40: 249030070T | B40: CONCRETO HIDRAULICO F'c= 250 Kg/cm2 POR UNIDAD DE OBRA TERMINADA (INCISO N.CTR.CAR.1.02.003/04) DE LAS NORMAS DE CONSTRUCCION DE CARRETERAS DE LA S.C.T., TAMAÑO MAXIMO DE 3/4", REVENIMIENTO DE ACUERDO A PROYECTO. EN OBRAS DE DRENAJE, SEGUN PROYECTO. INCLUYE TODO LO NECESARIO PARA SU EJECUCIÓN. (CABEZOTES Y LOSAS) | C40: M3 | D40: 12.5
A41: 24903014OD | B41: ACERO DE REFUERZO POR UNIDAD DE OBRA TERMINADA, (INCISO N.CTR.CAR.1.02.004/02) DE LAS NORMAS DE CONSTRUCCION DE CARRETERAS DE LA S.C.T., VARILLAS GRADO 42 (Fy=4200 Kg/cm2) CUALQUIER DIAMETRO. EN OBRAS DE DRENAJE Y ESTRUCTURAS. | C41: KG | D41: 2363
A42: 13210010 | B42: LAVADERO A BASE DE CONCRETO SIMPLE Fc´= 150 KG/CM2 DE ACUERDO A PROYECTO. TERMINADO PULIDO. INCLUYE AFINE DE TALUD, EXCAVACION PARA DENTELLON, CIMBRADO, DESCIMBRADO Y COLADO, MATERIALES, DESPERDICIOS, MANO DE OBRA Y HERRAMIENTA. | C42: M3 | D42: 15
B43: TOTAL ESTRUCTURAS Y OBRAS DE DRENAJE
B45: CAMELLÓN CENTRAL
A46: 21000189C | B46: FORMACION DE TERRAPLEN COMPACTADO AL NOVENTA Y CINCO POR CIENTO (95%) POR UNIDAD DE OBRA TERMINADA. NORMA N. CTR. CAR. 1.01.009/16 DE LA NORMATIVA DE SCT. UTILIZANDO MATERIAL PROCEDENTE DE BANCO (EN CAMELLÓN CENTRAL). | C46: M3 | D46: 1383
A47: 17000224J | B47: GUARNICION A BASE DE CONCRETO HIDRAULICO SIMPLE DE F'C= 250 KG, COLADAS EN EL LUGAR EN SECCION TRAPEZOIDAL DE 20 A 15 X 40 CM. DE ALTURA, CON CIMBRA METALICA INCLUYE: EXCAVACION, AFINE Y COMPACTACION, CIMBRADO, DESCIMBRADO, CURADO, MATERIALES, DESPERDICIOS, MANO DE OBRA Y HERRAMIENTA. (JUNTAS CONSTRUCTIVAS A CADA 3.00 MTS.) | C47: M | D47: 6150
A48: 17000250VN | B48: BANQUETA A BASE DE CONCRETO HIDRAULICO PREMEZCLADO DE F'C= 200 KG/CM2 DE 10 CM DE ESPESOR ARMADO CON MALLA ELECTROSOLDADA 6 X 6- 10/10. POR UNIDAD DE OBRA TERMIBNADA (INCISO N.CTR.CAR.1.02.010/00) DE LAS NORMAS DE CONSTRUCCION DE LA S.C.T. | C48: M2 | D48: 7600
A49: 06000340VA | B49: MARCAS EN GUARNICIONES POR UNIDAD DE OBRA TERMINADA DE ACUERDO AL INCISO N.CTR.CAR.1.07.02/00 DE LA NORMA DE CONSTRUCCION DE LA SCT. | C49: M | D49: 6150
B50: TOTAL CAMELLÓN CENTRAL
B51: MUROS DE CONTENCIÓN
A52: 24903005 | B52: EXCAVACION PARA ESTRUCTURAS POR UNIDAD DE OBRA TERMINADA (INCISO N.CTR.CAR.1.01.007/11) DE LAS NORMAS DE CONSTRUCCION DE CARRETERAS DE LA S.C.T. CUALESQUIERA QUE SEA SU CLASIFICACION Y PROFUNDIDAD. | C52: M3 | D52: 1150.18
A53: 22000062S | B53: RELLENOS. POR UNIDAD DE OBRA TERMINADA (INICISO N-CTR-CAR-1-01-011/20) DE EXCAVACIONES PARA ESTRUCTURAS, OBRAS DE DRENAJE Y SUBDRENAJE, CUÑAS DE TERRAPLENES CONTIGUOS A ESTRUCTURAS, ASÍ COMO EN TRINCHERAS ESTABILIZADORAS. CON MATERIAL SELECCIONADO O NO DE ACUERDO A LO REQUERIDO DE PIEDRA DE LA REGIÓN. | C53: M3 | D53: 1367.24
A54: 22000216T | B54: CONCRETO HIDRAULICO SIMPLE DE F´C= 100 KG/CM2. POR UNIDAD DE OBRA TERMINADA (INCISO N.CTR.CAR.1.02.003/00) DE LAS NORMAS DE CONSTRUCCION DE CARRETERAS DE LA S.C.T. EN PLANTILLAS. | C54: M3 | D54: 200.7
A55: 24903008R | B55: CONCRETO HIDRAULICO F'c= 250 Kg/cm2 POR UNIDAD DE OBRA TERMINADA (INCISO N.CTR.CAR.1.02.003/04) DE LAS NORMAS DE CONSTRUCCION DE CARRETERAS DE LA S.C.T., TAMAÑO MAXIMO DE 3/4", REVENIMIENTO DE 10cms INCLUYE: TODO LO NECESARIO PARA SU EJECUCION. EN LOSA DE INICIO DE RAMPA. | C55: M3 | D55: 1958
A56: 24903014OD | B56: ACERO DE REFUERZO POR UNIDAD DE OBRA TERMINADA, (INCISO N.CTR.CAR.1.02.004/02) DE LAS NORMAS DE CONSTRUCCION DE CARRETERAS DE LA S.C.T., VARILLAS GRADO 42 (Fy=4200 Kg/cm2) CUALQUIER DIAMETRO. EN OBRAS DE DRENAJE Y ESTRUCTURAS. | C56: KG | D56: 98999
A57: 13200001 | B57: DRENES HORIZONTALES POR UNIDAD DE OBRA TERMINADA (INCISO N.CTR.CAR.1.03.012/00) DE LA NORMAS DE CONSTRUCCION DE CARRETERAS DE LA S.C.T. DE TUBO P.V.C SANITARIO DE 4" DE DIAM | C57: M | D57: 324.8
A58: 24720012PV | B58: PARAPETO METALICO CON UNA LINEA DE TUBO DE ACERO CED.40 DE 76 MM DE DIAMETRO Y UNA LINEA DE TUBO DE ACERO CED. 40 DE 50 MM CON PILASTRAS DE DOBLE PLACA DE 12.7 MM CON PLACAS DE BASE Y PERNOS DE ANCLAJE, A CADA 1.95 M SEGUN DISEÑO. POR UNIDAD DE OBRA TERMINADA (INCISO N.CTR.CAR.1.02.009/00) DE LAS NORMAS DE CONSTRUCCION DE CARRETERAS DE LA S.C.T. | C58: M | D58: 165
B59: TOTAL MUROS DE CONTENCIÓN
B60: PAVIMENTOS
A61: 230001005B | B61: BASES P.U.O.T. (INCISO N-CTR-CAR-1-04-002/11) COMPACTADA AL CIEN PORCIENTO (100%), CUYO MATERIAL CUMPLA CON LAS ESPECIFICACIONES PARA SER UTILIZADO EN CAPAS DE BASE. | C61: M3 | D61: 8738.7
A62: 23100004A | B62: MATERIALES ASFÁLTICOS POR UNIDAD DE OBRA TERMINADA (INCISO N-CTR-CAR-1-04-004/15). EMULSIÓN ASFÁLTICA CATIÓNICA DE ROMPIMIENTO LENTO, EMPLEADA EN RIEGO DE IMPREGNACIÓN. | C62: M2 | D62: 50400
A63: 24903040EK | B63: SUMINISTRO Y COLOCACION DE CARPETA ASFÁLTICA CON MEZCLA EN CALIENTE DE GRANULOMETRÍA DENSA CON MATERIALES PROCEDENTES DE BANCOS QUE ELIJA EL CONTRATISTA INCLUYENDO ACARREOS, COMPACTADA AL 100% CONFORME LO INDICADO EN EL PROYECTO, CON CEMENTO ASFÁLTICO GRADO PG 64-22 O SIMILAR, POR UNIDAD DE OBRA TERMINADA. INCISO N.C.T.R. CAR. 1.04.006/20 DE LAS NORMAS DE CONSTRUCCION DE CARR. DE LA S.C.T. | C63: M3 | D63: 3645
B64: TOTAL PAVIMENTOS
B65: SEÑALAMIENTO VERTICAL
A66: 22100014 | B66: SUMINISTRO Y COLOCACION DE SEÑAL PREVENTIVA SP- DE 86 X 86 CM. FABRICADA EN LAMINA DE FIERRO CAL.16, CON CEJA CON ACABADO REFLEJANTE TIPO A. POR UNIDAD DE OBRA TERMINADA (INCISO N-CTR-CAR-1-07-005/00). DE LAS NORMAS DE CONSTRUCCION DE CARRETERAS DE LA S.C.T. SEGÚN EL MANUAL DE SEÑALIZACIÓN VIAL Y DISPOSITIVOS DE SEGURIDAD SCT. | C66: PZA | D66: 18
A67: 22100015 | B67: SUMINISTRO Y COLOCACION DE SEÑAL RESTRICTIVA SR- DE 86 X 86 CM. FABRICADA EN LAMINA DE FIERRO CAL.16, CON CEJA CON ACABADO REFLEJANTE TIPO A. POR UNIDAD DE OBRA TERMINADA (INCISO N-CTR-CAR-1-07-005/00). DE LAS NORMAS DE CONSTRUCCION DE CARRETERAS DE LA S.C.T. SEGÚN EL MANUAL DE SEÑALIZACIÓN VIAL Y DISPOSITIVOS DE SEGURIDAD SCT. | C67: PZA | D67: 13
A68: 21170SII14 | B68: SUMINISTRO Y COLOCACION DE SEÑAL INFORMATIVA DE IDENTIFICACIÓN SII-14 (KILOMETRAJE CON RUTA) DE 30 X 122 CMS,FABRICADA EN LAMINA DE FIERRO CAL.16, CON CEJA CON ACABADO REFLEJANTE TIPO A. POR UNIDAD DE OBRA TERMINADA (INCISO N-CTR-CAR-1-07-005/00). DE LAS NORMAS DE CONSTRUCCION DE CARRETERAS DE LA S.C.T. SEGÚN EL MANUAL DE SEÑALIZACIÓN VIAL Y DISPOSITIVOS DE SEGURIDAD SCT. | C68: PZA | D68: 4
A69: 2117005SR6 | B69: SUMINISTRO Y COLOCACION DE SEÑAL RESTRICTIVA OCTAGONAL SR- 6 "ALTO" DE 30 CM POR LADO, FABRICADA EN LAMINA DE FIERRO CAL.16, CON CEJA CON ACABADO REFLEJANTE TIPO A. POR UNIDAD DE OBRA TERMINADA (INCISO N-CTR-CAR-1-07-005/00). DE LAS NORMAS DE CONSTRUCCION DE CARRETERAS DE LA S.C.T. SEGÚN EL MANUAL DE SEÑALIZACIÓN VIAL Y DISPOSITIVOS DE SEGURIDAD SCT. | C69: PZA | D69: 6
A70: 211100133GN | B70: SUMINISTRO Y COLOCACION DE SEÑAL INFORMATIVA DE DESTINO SID-9 DE 40 X 239 CM. DOS TABLEROS, FABRICADA EN LAMINA DE FIERRO CAL.16, CON CEJA CON ACABADO REFLEJANTE TIPO A. POR UNIDAD DE OBRA TERMINADA (INCISO N-CTR-CAR-1-07-005/00). DE LAS NORMAS DE CONSTRUCCION DE CARRETERAS DE LA S.C.T. SEGÚN EL MANUAL DE SEÑALIZACIÓN VIAL Y DISPOSITIVOS DE SEGURIDAD SCT. | C70: PZA | D70: 2
A71: 21100126GN | B71: SUMINISTRO Y COLOCACION DE SEÑAL DE INFORMACIÓN DESTINO SID-13 DE 3.66 X 1.22 M. FABRICADA EN LAMINA DE FIERRO CAL.16, CON CEJA Y BASTIDOR CON ACABADO REFLEJANTE TIPO A (INCISO N. CTR.CAR.1.07.006 VIGENTE) DE LAS NORMAS DE CONSTRUCCION DE CARRETERAS DE LA S.C.T. INCLUYE: POSTE DE ACERO GALVANIZADO, TORNILLERIA, BASE DE CONCRETO PARA POSTE, MATERIALES, MANO DE OBRA, EQUIPO Y HERRAMIENTA. SEGÚN EL MANUAL DE SEÑALAMIENTO VIAL Y DISPOSITIVOS DE SEGURIDAD SCT. | C71: PZA | D71: 4
A72: 21170SIS19 | B72: SUMINISTRO Y COLOCACION DE SEÑAL DE INFORMACIÓN TURÍSTICA SIS-19 DE 86 X 86 CMS, FABRICADA EN LAMINA DE FIERRO CAL.16, CON CEJA CON ACABADO REFLEJANTE TIPO A (INCISO N. CMT.5-03-001/13 DE LAS NORMAS DE CARATERÍSTICAS DE LOS MATERIALES DE SC.T.) INCLUYE: POSTE DE PTR GALVANIZADO DE 2" X 2", TORNILLERIA, MATERIALES, MANO DE OBRA Y HERRAMIENTA. SEGUN MANUAL DE S.C.T. | C72: PZA | D72: 2
A73: 211700SP33 | B73: SUMINISTRO Y COLOCACION DE SEÑAL PREVENTIVA SP- 33 (ESCOLAR) DE 71 X 71 CM. FABRICADA EN LAMINA DE FIERRO CAL.16, CON CEJA CON ACABADO REFLEJANTE TIPO A. CON POSTE. POR UNIDAD DE OBRA TERMINADA (INCISO N-CTR-CAR-1-07-005/00). DE LAS NORMAS DE CONSTRUCCION DE CARRETERAS DE LA S.C.T. SEGÚN EL MANUAL DE SEÑALIZACIÓN VIAL Y DISPOSITIVOS DE SEGURIDAD SCT. | C73: PZA | D73: 4
A74: 21112006OD5 | B74: SUMINISTRO Y COLOCACION DE SEÑAL INDICADORA DE OBTACULOS OD-5 DE 61 X 122 CM. FABRICADA EN LAMINA DE FIERRO CAL.16, CON CEJA CON ACABADO REFLEJANTE TIPO A. POR UNIDAD DE OBRA TERMINADA (INCISO N-CTR-CAR-1-07-005/00). DE LAS NORMAS DE CONSTRUCCION DE CARRETERAS DE LA S.C.T. SEGÚN EL MANUAL DE SEÑALIZACIÓN VIAL Y DISPOSITIVOS DE SEGURIDAD SCT. | C74: PZA | D74: 4
B75: TOTAL SEÑALAMIENTO VERTICAL
B76: SEÑALAMIENTO HORIZONTAL
A77: 23100013C | B77: SEÑALAMIENTO Y DISPOSITIVOS DE SEGURIDAD. MARCAS EN EL PAVIMENTO POR UNIDAD DE OBRA TERMINADA. (INCISO N-CTR-CAR-1-07-001/00). DE LAS NORMAS DE CONSTRUCCION DE CARRETERAS DE LA S.C.T. PINTURA REFLEJANTE EN RAYA SEPARADORA DE CARRIL, DE SENTIDO, CANALIZADORAS Y/O DE ACOTAMIENTO DE 0.10 M DE ANCHO. COLOR DE ACUERDO AL MANUAL DE SEÑALIZACIÓN VIAL Y DISPOSITIVOS DE SEGURIDAD DE LA SCT | C77: M | D77: 7650
A78: 21112015B | B78: SUMINISTRO Y COLOCACION DE BOTÓN (DH-1) VIAL EN PLÁSTICO ABS DE 10 CM. DOS CARAS REFLEJANTES. POR UNIDAD DE OBRA TERMINADA (INCISO N-CTR-CAR-1-07-004). DE LAS NORMAS DE CONSTRUCCION DE CARRETERAS DE LA SCT. SEGÚN EL MANUAL DE SEÑALIZACIÓN VIAL Y DISPOSITIVOS DE SEGURIDAD SCT. | C78: PZA | D78: 520
A79: 22000368L | B79: MARCAS EN EL PAVIMENTO. RAYAS CON ESPACIAMIENTO LOGARITMICO M-9 DE ACUERDO AL MANUAL DE SEÑALIZACIÓN VIAL Y DISPOSITIVOS DE SEGURIDAD DE LA SCT. POR UNIDAD DE OBRA TERMINADA DE LAS NORMAS DE CONSTRUCCIÓN DE LA SCT. (INCISO N.CTR.CAR.1.07.001/00) | C79: M | D79: 1200
A80: 23100017BP | B80: MARCAS SOBRE PAVIMENTO TIPO M-11.1 FLECHAS, NÚMEROS Y LETRAS SOBRE PAVIMENTO CON PINTURA REFLEJANTE COLOR BLANCO. DE ACUERDO AL MANUAL DE SEÑALIZACIÓN VIAL Y DISPOSITIVOS DE SEGURIDAD DE LA SCT. P.U.O.T. (INCISO N-CTR-CAR-1-07-001/00). DE LAS NORMAS DE CONSTRUCCION DE CARRETERAS DE LA S.C.T. | C80: M2 | D80: 70
A81: 21100062 | B81: SUMINISTRO Y COLOCACION DE BOYAS METALICA MODELO S-508 DE 20 CM. 2 LADOS REFLEJANTES, TAQUETEADAS A PISO, INCLUYE: MATERIALES, MANO DE OBRA, HERRAMIENTA Y EQUIPO. | C81: PZA | D81: 100
A82: 21112010B | B82: SUMINISTRO Y COLOCACION DE BOTÓN (DH-3) VIAL METÁLICO (ALUMINIO) DE 10 CM DE DIÁMETRO CON PERNO. POR UNIDAD DE OBRA TERMINADA (INCISO N-CTR-CAR-1-07-004). DE LAS NORMAS DE CONSTRUCCION DE CARRETERAS DE LA SCT. SEGÚN EL MANUAL DE SEÑALIZACIÓN VIAL Y DISPOSITIVOS DE SEGURIDAD SCT. | C82: PZA | D82: 756
A83: 21211001DOS | B83: SUMINISTRO E INSTALACIÓN DE OD-4. DEFENSAS METALICAS DE LAMINA GALVANIZADA CAL. 12, AASHTO M-180, DE DOS CRESTAS. CON POSTES IPR INCLUYENDO: SUS ACCESORIOS (TORNILLERIA HEXAGONAL SEGUNLA NORMA: N.CMT.5.02.001/05 S.C.T.), MATERIAL, MANO DE OBRA, HERRAMIENTA Y TODO LO NECESARIO PARA SU EJECUCIÓN. POR UNIDAD DE OBRA TERMINADA. | C83: M | D83: 135
B84: TOTAL SEÑALAMIENTO HORIZONTAL
B85: MEDIA TENSIÓN Y ALUMBRADO
A86: 20080018 | B86: SUMINISTRO Y COLOCACION DE REGISTRO ELECTRICO PREFABRICADO, EN SECCION DE 40X40X60CM, INCLUYE: TAPA, MANIOBRAS, EXCAVACIONES, RELLENOS, MATERIALES, MANO DE OBRA, HERRAMIENTA Y TODO LO NECESARIO PARA SU EJECUCION. | C86: PZA | D86: 64
A87: 15033375 | B87: ELABORACION DE BASE CONICA DE CONCRETO F'C= 20KG/CM2 DE BASE SUPERIOR DE 0.40X0.40 M Y BASE INFERIOR DE 0.80X0.80 M x 0.80 M DE ALTURA, INCLUYE: ESTABILIZADOR DE VOLUMEN NO METALICO FESTERGROUT NM 800, ANCLAS DE 3/4" DE 0.70 M DE LONGITUD, CON CUERDA CORRIDA PARA ANCLAJE DE POSTES, MATERIALES, MANO DE OBRA, HERRAMIENTA Y TODO LO NECESARIO PARA SU EJECUCION | C87: PZA | D87: 64
A88: 15000413 | B88: SUMINISTRO Y TENDIDO DE POLYDUCTO REFORZADO TIPO R-0 (LIGERO) DE 32MM DE DIAMETRO MARCA PLASTICOSREX, OMEGA, DURALON O SIMILAR, INCLUYE MATERIALES, DESPERDICIOS, MANIOBRAS LOCALES, MANO DE OBRA, HERRAMIENTA Y TODO LO NECESARIO PARA SU EJECUCION. | C88: ML | D88: 2010
A89: 15000414 | B89: SUMINISTRO Y TENDIDO DE POLYDUCTO REFORZADO TIPO R-0 (LIGERO) DE 38MM DE DIAMETRO MARCA PLASTICOSREX, OMEGA, DURALON O SIMILAR, INCLUYE MATERIALES, DESPERDICIOS, MANIOBRAS LOCALES, MANO DE OBRA, HERRAMIENTA Y TODO LO NECESARIO PARA SU EJECUCION. | C89: ML | D89: 2010
A90: 15000452 | B90: SUMINISTRO, TENDIDO Y CONEXION DE CABLE THW CALIBRE 10 MARCA CONDUMEX O SIMILAR, INCLUYE: MATERIALES, DESPERDICOS, MANO DE OBRA, HERRAMIENTA, EQUIPO Y TODO LO NECESARIO PARA SU EJECUCION. | C90: ML | D90: 3321
A91: 15080067 | B91: SUMINISTRO, TENDIDO Y CONEXIÓN DE CABLE VULCANEL XLP-DRS AL2X2 + 1X2 AWG 90° C 600 V, CUBIERTO CON POLIETILENO, MARCA CONDUMEX O SIMILAR EN CALIDAD Y ESPECIFICACIONES TECNICAS, INCLUYE: MATERIALES, CONEXION, DESPERDICIOS, MANO DE OBRA, HERRAMIENTA, EQUIPO Y TODO LO NECESARIO PARA SU EJECUCION | C91: M | D91: 3321
A92: 15080068 | B92: SUMINISTRO, TENDIDO Y CONEXIÓN DE CABLE VULCANEL XLP-DRS AL 1X4+1X4 AWG 90 °C 600 V, CUBIERTO CON POLIETILENO, MARCA CONDUMEX O SIMILAR EN CALIDAD Y ESPECIFICACIONES TECNICAS, INCLUYE: MATERIALES, CONEXION, DESPERDICIOS, MANO DE OBRA, HERRAMIENTA, EQUIPO Y TODO LO NECESARIO PARA SU EJECUCION | C92: M | D92: 3321
A93: 15080070 | B93: SUMINISTRO, TENDIDO Y CONEXIÓN DE CABLE VULCANEL XLP-DRS AL 2X6+1X6 AWG 90 °C 600 V, CUBIERTO CON POLIETILENO, MARCA CONDUMEX O SIMILAR EN CALIDAD Y ESPECIFICACIONES TECNICAS, INCLUYE: MATERIALES, CONEXION, DESPERDICIOS, MANO DE OBRA, HERRAMIENTA, EQUIPO Y TODO LO NECESARIO PARA SU EJECUCION | C93: M | D93: 3000
A94: 15000017 | B94: Suminiatro y colocación de Luminaria LED Philips Lumileds STX-100W, Potencia en watts: 100W, Temperatura de color: 5700K, Flujo Luminoso: 15,000 Lúmenes., Distribución Lumínca : Apertura de 145x45°, DRIVER MOSO: 100 - 277 V.a.c. 50/60 Hz., protección Moso: Supresor de Picos 10KV Operación: -10 A 50°C, PHILIPS LUMILEDS 3030 Vida útil LED: (120,000 hrs.) IRC: Rendimiento de color >80 Grado de protección: IP65, Protección contra golpes: IK08, Dimensiones: 620x270x115mm. Peso: 4kg., Garantía: 5 años en todas sus partes sobre defectos de fabricación. Aleación de aluminio fundido en una sola pieza, con alta disipación térmica. Incluye: material, elevación, colocación, conexion, mano de obra, herramienta, equipo y todo lo necesario para su ejecución. | C94: PZA | D94: 128
A95: 16100200F | B95: SUMINISTRO Y COLOCACION DE TRANSFORMADOR MONOFASICO DE DISTRIBUCION AUTOPROTEGIDO DE 15 KVA, 13200, 127/220 VOLTS. MCA. PROLEC, OPERACION RADIAL. INCLUYE: SISTEMAS DE TIERRA, MATERIALES, DESPERDICIOS, MANO DE OBRA, HERRAMIENTA, EQUIPO TODO LO NECESARIO PARA SU EJECUCION. | C95: PZA | D95: 1
A96: 16000013 | B96: SUMINISTRO Y COLOCACION DE APARTARRAYOS OCIDO DE ZINC PARA 15 KVC, INCLUYE: MATERIAL, MANO DE OBRA, HERRAMIENTA, EQUIPO Y TODO LO NECESARIO PARA SU EJECUCION. | C96: PZA | D96: 2
A97: 16000014 | B97: SUMINISTRO Y COLOCACION DE CORTA CIRCUITOS TIPO FUSIBLE DE 100 AMP PARA 15 KV, INCLUYE: MATERIAL, MANO DE OBRA, HERRAMIENTA, EQUIPO Y TODO LO NECESARIO PARA SU EJECUCIÓN. | C97: PZA | D97: 4
... A105: 15080810V | B105: SUMINISTRO Y COLOCACIÓN DE REGISTRO PARA MEDIA TENSIÓN EN BANQUETA TIPO 3 CFE-RMTB-3, INCLUYE: TAPA Y ARO DE FIERRO FUNDIDO, MATERIAL, HERRAMIENTA, EQUIPO, MANO DE OBRA Y TODO LO NECESARIO PARA SU EJECUCIÓN. | C105: PZA | D105: 2
B106: TOTAL MEDIA TENSIÓN Y ALUMBRADO
B107: JARDINERÍA
A108: 18100005NZ | B108: SUMINISTRO Y COLOCACION DE ESPECIE VEGETAL (PINO REAL) ADECUADO AL CLIMA DE LA REGION. INCLUYE: RELLENO DE TIERRA VEGETAL, RIEGO Y TODO LO NECESARIO PARA SU CORRECTA EJECUCION. | C108: PZA | D108: 150
B109: TOTAL JARDINERÍA
B110: PUENTE PEATONAL
B111: CIMENTACIÓN E INICIO DE RAMPAS
A112: 02500051N | B112: PILA DE CIMENTACION CON DIAMETRO DE 0.80 M. Y LONGITUD DE ACUERDO A PROYECTO, EN MATERIAL DE ACUERDO AL ESTUDIO DE MECÁNICA DE SUELOS, UTILIZANDO ADEME DE LODO BENTONITICO DOSIFICADO DE ACUERDO A LABORATORIO. CON CONCRETO PREMEZCLADO CLASE I DE F´c= 250 KG/CM2 Y REVENIMIENTO DE 18 CM. DISEÑADO DE ACUERDO A SU FUNCIÓN. ARMADA CON VAR. DEL #10 (40 KG) Y ESTRIBOS DEL #4 (23.4 KG). POR UNIDAD DE OBRA TERMINADA (INCISO N.CTR.CAR.1.06.003/01) DE LAS NORMAS DE CONSTRUCCION DE CARRETERAS DE LA S.C.T. INCLUYE: PERFORACION, ADEME, HABILITADO Y COLOCACIÓN DEL ACERO DE REFUERZO, ATIEZADORES DE ACERO FIJOS Y PROVISIONALES, COLADO CON SISTEMA TREMIE, MATERIALES, MANO DE OBRA, EQUIPO, MANIOBRAS, EQUIPO, HERRAMIENTA Y TODO LO NECESARIO PARA SU CORRECTA EJECUCIÓN. | C112: M | D112: 144
A113: 22000217T | B113: CONCRETO HIDRAULICO P.U.O.T SIMPLE DE F´C= 150 KG/CM2. (INCISO N.CTR.CAR.1.02.003/04) DE LAS NORMAS DE CONSTRUCCION DE CARRETERAS DE LA S.C.T. COLADO EN SECO EN PLANTILLAS | C113: M3 | D113: 0.74
A114: 24903008R | B114: CONCRETO HIDRAULICO F'c= 250 Kg/cm2 POR UNIDAD DE OBRA TERMINADA (INCISO N.CTR.CAR.1.02.003/04) DE LAS NORMAS DE CONSTRUCCION DE CARRETERAS DE LA S.C.T., TAMAÑO MAXIMO DE 3/4", REVENIMIENTO DE 10cms INCLUYE: TODO LO NECESARIO PARA SU EJECUCION. EN LOSA DE INICIO DE RAMPA. | C114: M3 | D114: 3.65
A115: 24903012NZ | B115: ACERO DE REFUERZO POR UNIDAD DE OBRA TERMINADA, (INCISO N.CTR.CAR.1.02.004/00) DE LAS NORMAS DE CONSTRUCCION DE CARRETERAS DE LA S.C.T., VARILLAS GRADO 42 (Fy=4200 Kg/cm2) CUALQUIER DIAMETRO INCLUYENDO MERMAS Y DESPERDICIOS POR TRASLAPES, SILLETAS, TRAMOS DE PRUEBAS PARA EL LABORATORIO Y SOLDADURA DE PUNTA CUANDO SE REQUIERA, EN CABEZALES DE PILA TIPO SEGUN PROYECTO, HABILITADO, MOVIMIENTOS DENTRO DEL AREA DE TRABAJO, ELEVACION PARA SU COLOCACION EN ZAPATA O COLUMNA, CABEZALES, BANCOS DE APOYO Y TOPES SISMICOS. AJUSTES Y NIVELACION. | C115: KG | D115: 748
B116: TOTAL CIMENTACIÓN E INICIO DE RAMPAS
B118: ESTRUCTURA
...

Sheet RESUMEN
A1: GOBIERNO DEL ESTADO DE ZACATECAS
A8: Licitación No. | B8: EO-932063953-SOP061-2023
A9: Obra: | B9: MODERNIZACIÓN Y AMPLIACIÓN DE LA VIALIDAD NEZAHUALCOYOTL CON UNA LONGITUD DE 1.66 KM. (0+000 - 1+664) MEDIANTE CONSTRUCCIÓN DE TERRACERÍAS, ESTRUCTURAS Y OBRAS DE DRENAJE, PAVIMENTOS, PUENTE PEATONAL Y SEÑALAMIENTO EN EL MUNICIPIO DE ZACATERCAS, ZAC. PARA MEJORAR LA MOVILIDAD DE LAS HABITANTES Y LOS HABITANTES
A10: Lugar: | B10: ZACATECAS, ZAC.
A12: RESUMEN DEL PRESUPUESTO
B14: Partidas | D14: Importe
B15: VIALIDAD NEZAHUALCOYOLT | D15: 0
B16: DEMOLICIONES
B17: PRELIMINARES
B18: TERRACERÍAS
B19: ESTRUCTURAS Y OBRAS DE DRENAJE
B20: CAMELLÓN CENTRAL
B21: MUROS DE CONTENCIÓN
B22: PAVIMENTOS
B23: SEÑALAMIENTO VERTICAL
B24: SEÑALAMIENTO HORIZONTAL
B25: MEDIA TENSIÓN Y ALUMBRADO
B26: JARDINERÍA
B27: TOTAL VIALIDAD NEZAHUALCOYOTL
B29: PUENTE PEATONAL | D29: 0
B30: CIMENTACIÓN E INICIO DE RAMPAS
B31: ESTRUCTURA
B32: TOTAL PUENTE PEATONAL
B34: PARADERO DE AUTOBUSES (2) | D34: 0
B35: PRELIMINARES
B36: CIMENTACIÓN
B37: ESTRUCTURA METÁLICA
B38: PAVIMENTOS
B39: COMPLEMENTARIAS
B40: SEÑALAMIENTO
B41: TOTAL PARADERO DE AUTOBUSES (2)
B43: REUBICACION DE RED DE AGUA POTABLE TRAMO TRANSITO PESADO - CENTRO DE SALUD CALLE NETZAHUALCOYOTL
B44: =+NEZA!B171 -> CONSTRUCCIÓN DE REUBICACIÓN DE RED DE DISTRIBUCIÓN
B45: =+NEZA!B172 -> PRELIMINARES
B46: =+NEZA!B176 -> EXCAVACIONES
B47: =+NEZA!B180 -> PLANTILLAS
B48: =+NEZA!B184 -> ACARREOS
B49: =+NEZA!B188 -> INSTALACIÓN Y PRUEBA DE TUBERIA DE PVC HIDRÁULICO Y Fo.Fo.
B50: =+NEZA!B226 -> SUMINISTROS
B51: =+NEZA!B258 -> TOTAL CONSTRUCCIÓN DE REUBICACIÓN DE RED DE DISTRIBUCIÓN
B52: =+NEZA!B259 -> TOMAS DOMICILIARIAS
B53: =+NEZA!B260 -> PRELIMINARES
B54: =+NEZA!B264 -> EXCAVACIONES
B55: =+NEZA!B268 -> PLANTILLAS Y RELLENOS
B56: =+NEZA!B272 -> ACARREOS
B57: =+NEZA!B276 -> SUMINISTRO DE PIEZAS ESPECIALES PARA TOMAS DOMICILIARIAS Y CUADRO DE MEDIDOR
B58: =+NEZA!B299 -> INSTALACIÓN DE PIEZAS ESPECIALES PARA TOMAS DOMICILIARIAS Y CUADRO DE MEDIDOR
B59: TOTAL TOMAS DOMICILIARIAS
B60: TOTAL REUBICACION DE RED DE AGUA POTABLE TRAMO TRANSITO PESADO - CENTRO DE SALUD CALLE NETZAHUALCOYOTL
B62: =+NEZA!B305 -> REUBICACION DE RED DE ALCANTARILLADO TRAMO TRANSITO PESADO - CENTRO DE SALUD CALLE NETZAHUALCOYOTL
B63: =+NEZA!B306 -> CONSTRUCCIÓN DE RED DE ATARJEA
B64: =+NEZA!B307 -> PRELIMINARES
B65: =+NEZA!B312 -> EXCAVACIONES
B66: =+NEZA!B318 -> PLANTILLAS
B67: =+NEZA!B322 -> ACARREOS
B68: =+NEZA!B326 -> INSTALACIÓN Y PRUEBA DE TUBERÍA DE PVC SANITARIO
B69: =+NEZA!B333 -> INSTALACIÓNES - POZOS DE VISITA
B70: =+NEZA!B342 -> BROCALES Y TAPAS DE POLIETILENO PARA POZOS DE VISITA
B71: =+NEZA!B346 -> SUMINISTROS
B72: =+NEZA!B352 -> SUBTOTAL CONSTRUCCIÓN DE RED DE ATARJEA
B74: =+NEZA!B354 -> DESCARGAS SANITARIAS
B75: =+NEZA!B355 -> PRELIMINARES
B76: =+NEZA!B359 -> EXCAVACIONES
B77: =+NEZA!B363 -> PLANTILLAS Y RELLENOS
B78: =+NEZA!B367 -> ACARREOS
B79: =+NEZA!B371 -> SUMINISTRO DE PIEZAS ESPECIALES PARA DESCARGA SANITARIA
B80: =+NEZA!B378 -> INSTALACIÓN DE PIEZAS ESPECIALES PARA DESCARGA SANITARIA
B81: =+NEZA!B384 -> SUBTOTAL DESCARGAS SANITARIAS
B82: TOTAL REUBICACION DE RED DE ALCANTARILLADO TRAMO TRANSITO PESADO - CENTRO DE SALUD CALLE NETZAHUALCOYOTL
B83: TOTAL VIALIDAD NEZAHUALCOYOLT
A85: Total del presupuesto mostrado sin IVA:
A86: IVA 16.00%
A87: Total del presupuesto mostrado:
A88: IMPORTE TOTAL CON LETRA
